 Dungeon Crawl Stone Soup version 0.28.0-1-gb440e238dd (webtiles) character file.

Game seed: 4384257860728693203

179755 DeadBczImStupid the Bludgeoner (level 17, -5/184 HPs)
             Began as a Troll Hunter on Feb 22, 2022.
             Was the Champion of Qazlal.
             Killed by an exploding naga sharpshooter (17 damage)
             ... ignited by their inner flame
             ... on level 3 of the Snake Pit on Feb 23, 2022.
             The game lasted 03:36:47 (25165 turns).

DeadBczImStupid the Bludgeoner (Troll Hunter)      Turns: 25165, Time: 03:36:48

Health: -5/184     AC: 16    Str: 26    XL:     17   Next: 62%
Magic:  14/22      EV: 16    Int:  9    God:    Qazlal [******]
Gold:   1936       SH: 13    Dex: 12    Spells: 16/16 levels left

rFire   + . .      SeeInvis .   b - +0 fustibalus (freeze)
rCold   . . .      Faith    .   (no shield)
rNeg    . . .      Spirit   .   g - +1 troll leather armour {Snorg}
rPois   +          Reflect  +   (helmet restricted)
rElec   .          Harm     .   N - +2 cloak {rPois}
rCorr   +          Rampage  .   (gloves unavailable)
Will    +....                   (boots unavailable)
Stlth   +.........              A - amulet "Luhajie" {Reflect Regen+ rCorr SH+5}
HPRegen 2.80/turn               E - +4 ring of evasion
MPRegen 0.18/turn               L - +4 ring of protection

@: lethally poisoned (-5 -> -5), about to teleport, protected from fire, hasted,
invisible, repel missiles, very quick
A: large, unfitting armour, claws 3, regeneration 1, shaggy fur 1, tough skin 1
a: Renounce Religion, Upheaval, Elemental Force, Disaster Area


You were on level 3 of the Snake Pit.
You worshipped Qazlal.
Qazlal was exalted by your worship.
You visited 4 branches of the dungeon, and saw 25 of its levels.
You also visited: Ossuary, Gauntlet and Ice Cave.

You collected 2239 gold pieces.
You spent 303 gold pieces at shops.

Inventory:

Hand Weapons
 a - a +4 antimagic great mace
 b - a +0 fustibalus of freezing (weapon)
Missiles
 c - 33 large rocks
 d - 3 throwing nets {!d}
 e - 47 poisoned darts
 q - a boomerang of dispersal
 v - 13 curare-tipped darts
 w - 90 sling bullets (quivered ammo)
 y - 9 javelins
 P - 2 silver javelins
Armour
 g - a +1 troll leather armour (worn) {Snorg}
 p - +0 acid dragon scales
 N - a +2 cloak of poison resistance (worn)
Jewellery
 A - the amulet "Luhajie" (around neck) {Reflect Regen+ rCorr SH+5}
   (You found it on level 1 of the Snake Pit)

   [amulet of reflection]

   It reflects blocked missile attacks.
   Regen:     It increases your rate of health regeneration.
   rCorr:     It protects you from acid and corrosion.
   SH:        It affects your SH (+5).
 E - a +4 ring of evasion (left claw)
 G - a +6 ring of strength
 L - a +4 ring of protection (right claw)
 O - a ring of see invisible
 Y - a ring of flight
Wands
 s - a wand of acid (6)
 B - a wand of charming (12)
 J - a wand of digging (4)
 S - a wand of polymorph (7)
 U - a wand of flame (55)
Scrolls
 f - 13 scrolls of teleportation
 h - 4 scrolls of fog
 i - 5 scrolls of silence
 n - a scroll of blinking
 C - 2 scrolls of identify
 Q - 2 scrolls of fear
Potions
 j - 4 potions of lignification
 k - 3 potions of heal wounds
 l - a potion of haste
 m - 4 potions of attraction
 o - 13 potions of curing
 t - 5 potions of flight
 x - 8 potions of ambrosia
 z - 2 potions of magic
 F - a potion of mutation
 K - 6 potions of might
 M - 2 potions of cancellation
 V - 3 potions of berserk rage
 X - a potion of resistance
Miscellaneous
 u - a phantom mirror
 H - a condenser vane (inert)
 T - a lightning rod (4/4)


   Skills:
 + Level 15.0 Fighting
 - Level 16.0 Maces & Flails
 - Level 8.0 Throwing
 + Level 8.8 Armour
 + Level 8.8 Dodging
 - Level 0.3 Stealth
 - Level 8.0 Invocations
 - Level 5.0 Evocations


You had 16 spell levels left.
You didn't know any spells.
Your spell library contained the following spells:

 Spells                   Type           Power      Damage    Failure   Level
 Animate Skeleton         Necr           0%         N/A       41%         1
 Beastly Appendage        Tmut           0%         N/A       41%         1
 Magic Dart               Conj           0%         1d3       41%         1
 Pain                     Necr           0%         1d4       41%         1
 Sting                    Tmut/Pois      0%         1d3       41%         1
 Poisonous Vapours        Pois/Air       0%         N/A       56%         2
 Searing Ray              Conj           0%         2d4       56%         2
 Wereblood                Tmut           0%         N/A       56%         2
 Spider Form              Tmut/Pois      0%         N/A       80%         3
 Vampiric Draining        Necr           0%         2d6       80%         3
 Airstrike                Air            0%         N/A       99%         4
 Cause Fear               Hex            0%         N/A       99%         4
 Fulminant Prism          Conj/Hex       0%         3d6       99%         4
 Iskenderun's Mystic Bla  Conj/Tloc      0%         2d3       99%         4
 Leda's Liquefaction      Hex/Erth       0%         N/A       99%         4
 Olgreb's Toxic Radiance  Pois           0%         N/A       99%         4
 Summon Lightning Spire   Summ/Air       0%         N/A       99%         4
 Freezing Cloud           Conj/Ice/Air   0%         6-21      100%        5
 Lee's Rapid Deconstruct  Erth           0%         3d5*      100%        5
 Lightning Bolt           Conj/Air       0%         1d11      100%        5
 Simulacrum               Ice/Necr       0%         N/A       100%        6
 Statue Form              Tmut/Erth      0%         N/A       100%        6
 Dragon Form              Tmut           0%         N/A       100%        7
 Dragon's Call            Summ           0%         N/A       100%        9
 Polar Vortex             Ice            0%         N/A       100%        9


Dungeon Overview and Level Annotations

Branches:
Dungeon (15/15)            Temple (1/1) D:6            Lair (6/6) D:8
 Shoals (0/4) Lair:3        Snake (2/4) Lair:2        Slime (0/5) Lair:5
    Orc (0/2) D:12         Vaults (0/5) D:14         Depths (0/4) D:15
Ossuary (visited)           IceCv (visited)         Gauntlet (visited)

Altars:
Ashenzari
Cheibriados
Dithmenos
Elyvilon
Fedhas
Gozag
Hepliaklqana
Kikubaaqudgha
Makhleb
Nemelex Xobeh
Okawaru
Qazlal
Ru
Sif Muna
Trog
Uskayaw
Vehumet
Wu Jian
Xom
Yredelemnul
Zin
The Shining One
Lugonu

Shops:
D:2 [   D:8 (   D:9 [   D:10 !   Snake:1 (?=

Portals:
Abyss: Lair:6
Trove: D:14 (give 14 scrolls of teleportation)

Annotations:
Lair:1 2 transporters, Xixaub Eqygg's ghost, journeyman DrTm
Lair:3 3 runed translucent doors, FuzzyBison's ghost, journeyman KoBe


Innate Abilities, Weirdness & Mutations

You are too large for most types of armour.
You have claws for hands.
Your natural rate of healing is unusually fast.
You are covered in fur. (AC +1)
You have tough skin. (AC +1)


Message History

The fiery explosion engulfs the black mamba!!
Flame seeps out of the black mamba.
The black mamba is almost dead.
* * * LOW HITPOINT WARNING * * *
Your resistance to fire fades away.
You feel protected from electricity.
The guardian serpent explodes!
The fiery explosion engulfs the naga!!!
Qazlal accepts your kill.
The fiery explosion engulfs the salamander.
The salamander completely resists.
The salamander is moderately wounded.
The naga explodes!
The fiery explosion engulfs the black mamba!!
Flame seeps out of the black mamba.
The black mamba is almost dead.
The fiery explosion engulfs the naga warrior!!
Flame seeps out of the naga warrior.
The naga warrior is moderately wounded.
The fiery explosion engulfs the salamander.
The salamander completely resists.
The salamander is moderately wounded.
The shock serpent explodes!
The fiery explosion engulfs the naga!!!
Qazlal accepts your kill. The fiery explosion engulfs you!!
Your resistance to electricity fades away.
You feel protected from fire.
* * * LOW HITPOINT WARNING * * *
The fiery explosion engulfs the naga sharpshooter!!!
Qazlal accepts your kill.
The fiery explosion engulfs the black mamba!
Flame seeps out of the black mamba.
The black mamba is heavily wounded.
The naga sharpshooter explodes!
The fiery explosion engulfs the black mamba!!
Qazlal accepts your kill. The fiery explosion engulfs you! You resist.
You feel more protected from fire.
You die...

N#.......§§§§. §
§.......§§§§.
#§#§..S...§§N§.
....§NN§§§§S.....
.....NN§§NS§.S....
.(.....##§§°§§.....
.....§§§#§§§§N§S§§§.
..N...§§N§§°§@S○N§§§.
......§§§§N§°○N.§§N§§
......§§§NSN§§§§§§§§§
..N...§N§§N§##§§§§§##
N.....§§§§§§##§S§N§#
......§N.§§§..§§§§§#
N.....§N......§§§§§NN
......§§...S..§§§..§§
.....................


You could see 3 naga warriors, a naga sharpshooter (inner flame, strong), a
salamander tyrant (wandering, inner flame, poisoned), a salamander mystic
(wandering, inner flame, poisoned), 6 salamanders, 2 anacondas, a naga ritualist
(inner flame, toxic aura), 6 black mambas, 3 naga magi and 5 nagas.

Vanquished Creatures
  Kirke (Snake:1)
  Roxanne (Snake:1)
  A frost giant (IceCv)
  A juggernaut zombie (D:15)
  A minotaur (Gauntlet)
  Snorg (D:11)
  A fire dragon (D:13)
  2 salamander tyrants (Snake:2)
  5 naga warriors
  A catoblepas (D:14)
  5 boulder beetles
  12 hydras
  Erica (Lair:2)
  9 two-headed ogres
  7 centaur warriors
  An ogre mage (D:15)
  A death knight (D:12)
  5 anacondas
  25 death yaks
  2 tengu warriors (D:15)
  7 shock serpents
  2 thrashing horrors (Lair:6)
  6 naga sharpshooters
  Sonja (D:11)
  2 skeletal warriors (D:15)
  2 sea snakes (Snake:2)
  A flayed ghost (D:15)
  A spark wasp zombie (D:15)
  A salamander mystic (Snake:2)
  2 naga ritualists
  2 deep elf pyromancers
  3 mana vipers
  2 necromancers
  3 orc knights (D:15)
  6 cyclopes
  4 manticores
  11 ugly things
  4 oklob plants
  8 elephants
  14 salamanders
  14 slime creatures
  19 black mambas
  Joseph (D:7)
  An ice statue (IceCv)
  4 guardian serpents
  10 naga magi
  2 kobold demonologists (D:10)
  13 cane toads
  A gargoyle (D:13)
  2 efreet
  11 rime drakes
  2 unseen horrors (D:12)
  4 komodo dragons
  3 yaktaurs (D:15)
  A freezing wraith (D:14)
  3 ancient zymes (Lair:6)
  5 trolls
  2 queen bees
  18 polar bears
  A wolf spider simulacrum (Gauntlet)
  A wind drake (shapeshifter) (D:15)
  12 blink frogs
  7 dream sheep (Lair:6)
  A snapping turtle (Lair:3)
  2 ettin zombies (D:15)
  A centaur simulacrum (Gauntlet)
  A shadow (D:11)
  2 spriggans (Lair:6)
  A water elemental (D:15)
  6 wyverns
  47 yaks
  5 ynoxinuls (Lair:6)
  5 basilisks
  4 hogs
  6 vampire mosquitoes
  2 steam dragons
  2 chaos spawn (Lair:6)
  Edmund (D:5)
  27 nagas
  6 wargs
  7 water moccasins
  A hydra simulacrum (Gauntlet)
  An acid dragon (D:12)
  8 small abominations
  A meliai simulacrum (Gauntlet)
  7 orc warriors
  6 ice beasts (D:9)
  3 black bears
  An ogre (D:15)
  32 wolves
  A necrophage (D:7)
  13 centaurs
  3 kobold brigands
  7 bullfrogs
  3 gnoll sergeants
  3 scorpions
  A wyvern skeleton (D:6)
  2 water moccasin skeletons
  28 killer bees
  13 wights
  9 electric eels
  2 howler monkeys (D:11)
  A bullfrog zombie (D:6)
  3 centaur zombies
  6 orc priests
  A gnoll shaman (D:9)
  4 jellies
  A bullfrog skeleton (D:5)
  A centaur skeleton (D:7)
  2 hounds (D:5)
  2 iguanas
  11 orc wizards
  A killer bee zombie (D:7)
  A hound zombie (D:5)
  2 hound skeletons
  8 mummies (Ossuary)
  14 gnolls
  2 howler monkey zombies
  3 adders
  5 white imps
  2 ufetubi
  2 worms (D:4)
  3 dart slugs
  25 orcs
  3 bats
  8 endoplasms
  7 giant cockroaches
  A gnoll zombie (Ossuary)
  10 goblins
  7 hobgoblins
  14 kobolds
  6 quokkas
  11 ball pythons
  A hobgoblin zombie (Ossuary)
  3 kobold zombies (Ossuary)
  3 orc zombies (Ossuary)
  4 rats
751 creatures vanquished.

Vanquished Creatures (others)
  A human (Snake:1)
  A white imp (D:9)
  A kobold (D:10)
  2 demonic plants (Gauntlet)
  14 fungi
  37 plants
  3 withered plants (D:15)
59 creatures vanquished.

Grand Total: 810 creatures vanquished

Notes
Turn   | Place    | Note
-------+----------+-------------------------------------------
     0 | D:1      | DeadBczImStupid the Troll Hunter began the quest for the
                  | Orb.
     0 | D:1      | Reached XP level 1. HP: 19/19 MP: 0/0
   123 | D:1      | Reached skill level 1 in Maces & Flails
   126 | D:1      | Reached XP level 2. HP: 28/28 MP: 1/1
   390 | D:1      | Reached XP level 3. HP: 35/35 MP: 2/2
   408 | D:1      | Reached skill level 2 in Maces & Flails
   493 | D:1      | Found a faded altar of an unknown god.
  1216 | D:2      | Found Ryddessi's Armour Shop.
  1539 | D:3      | Reached XP level 4. HP: 44/44 MP: 3/3
  1680 | D:3      | Reached skill level 3 in Maces & Flails
  2133 | D:4      | Reached XP level 5. HP: 50/50 MP: 4/4
  2226 | D:4      | Reached skill level 4 in Maces & Flails
  2232 | D:4      | Reached XP level 6. HP: 61/61 MP: 5/5
  2645 | D:5      | Entered Level 5 of the Dungeon
  2670 | D:5      | Reached skill level 5 in Maces & Flails
  2739 | D:5      | Reached XP level 7. HP: 68/68 MP: 6/6
  3046 | D:5      | Noticed Edmund
  3084 | D:5      | Killed Edmund
  3214 | D:5      | Reached skill level 6 in Maces & Flails
  3521 | D:6      | Identified a scroll of acquirement
  3521 | D:6      | Acquired a +4 antimagic great mace
  3627 | D:6      | Found a staircase to the Ecumenical Temple.
  3642 | Temple   | Entered the Ecumenical Temple
  3753 | Temple   | Became a worshipper of Qazlal Stormbringer
  4156 | D:6      | Reached XP level 8. HP: 79/79 MP: 2/7
  4206 | D:6      | Reached skill level 7 in Maces & Flails
  4396 | D:7      | Reached skill level 5 in Fighting
  4424 | D:7      | Found a sand-covered staircase.
  4433 | Ossuary  | Entered an ossuary
  4470 | Ossuary  | Reached * piety under Qazlal
  4979 | D:7      | Reached skill level 8 in Maces & Flails
  5058 | D:7      | Noticed Joseph
  5069 | D:7      | Killed Joseph
  5125 | D:7      | Reached XP level 9. HP: 77/89 MP: 5/8
  5136 | D:7      | Reached ** piety under Qazlal
  5227 | D:7      | Noticed a cyclops
  5232 | D:7      | Killed a cyclops
  5233 | D:7      | Reached skill level 9 in Maces & Flails
  5520 | D:8      | Noticed a centaur warrior
  5525 | D:8      | Killed a centaur warrior
  5526 | D:8      | Reached skill level 10 in Maces & Flails
  5608 | D:8      | Noticed a death yak
  5611 | D:8      | Noticed a death yak
  5650 | D:8      | Killed a death yak
  5674 | D:8      | Noticed a death yak
  5713 | D:8      | Killed a death yak
  5714 | D:8      | Reached XP level 10. HP: 70/102 MP: 6/9
  5719 | D:8      | Killed a death yak
  5720 | D:8      | Reached skill level 11 in Maces & Flails
  5967 | D:8      | Found Cupy's Weapon Emporium.
  6074 | D:8      | Found a staircase to the Lair.
  6343 | D:8      | Found a white marble altar of Elyvilon.
  6764 | D:8      | Reached skill level 12 in Maces & Flails
  7119 | D:9      | Reached *** piety under Qazlal
  7126 | D:9      | Reached XP level 11. HP: 72/113 MP: 3/10
  7145 | D:9      | Identified the +8 dagger "Ytsi" {freeze, Drain rC+++ rCorr
                  | Int+3}
  7296 | D:9      | Noticed a two-headed ogre
  7392 | D:8      | Killed a two-headed ogre
  7437 | D:9      | Reached skill level 13 in Maces & Flails
  7616 | D:9      | Acquired a +2 cloak of poison resistance
  7634 | D:9      | Found Qiloamag's Armour Emporium.
  7870 | D:10     | Entered Level 10 of the Dungeon
  7876 | D:10     | Noticed a two-headed ogre
  7890 | D:10     | Killed a two-headed ogre
  7946 | D:10     | Reached **** piety under Qazlal
  7972 | D:10     | Noticed a soul eater
  8110 | D:10     | Reached skill level 14 in Maces & Flails
  8524 | D:10     | Found Jinnaidgh's Distillery.
  8531 | D:10     | Bought a potion of curing for 39 gold pieces
  8531 | D:10     | Bought a potion of might for 52 gold pieces
  8531 | D:10     | Bought a potion of curing for 39 gold pieces
  8531 | D:10     | Bought a potion of flight for 39 gold pieces
  8531 | D:10     | Bought a potion of cancellation for 104 gold pieces
  8956 | D:11     | Noticed a two-headed ogre
  8964 | D:11     | Killed a two-headed ogre
  8994 | D:11     | Reached skill level 10 in Fighting
  9003 | D:11     | Noticed a boulder beetle
  9026 | D:11     | Killed a boulder beetle
  9089 | D:11     | Noticed Sonja
  9154 | D:11     | Killed Sonja
  9224 | D:11     | Noticed a two-headed ogre
  9231 | D:11     | Killed a two-headed ogre
  9232 | D:11     | Reached skill level 1 in Armour
  9232 | D:11     | Reached skill level 1 in Invocations
  9232 | D:11     | Reached XP level 12. HP: 127/127 MP: 3/11
  9240 | D:11     | Found a gate leading to a gauntlet.
  9276 | Gauntlet | Entered a Gauntlet
  9276 | Gauntlet | Noticed a catoblepas
  9276 | Gauntlet | Found a transporter.
  9276 | Gauntlet | Found a transporter.
  9276 | Gauntlet | Found a transporter.
  9277 | Gauntlet | Found a transporter.
  9279 | Gauntlet | Found a large runed translucent door.
  9280 | Gauntlet | Found a large runed translucent door.
  9281 | Gauntlet | Found a large runed translucent door.
  9281 | Gauntlet | Found a large runed translucent door.
  9281 | Gauntlet | Found a transporter.
  9281 | Gauntlet | Found a runed translucent door.
  9282 | Gauntlet | Found a large runed translucent door.
  9282 | Gauntlet | Found a transporter.
  9282 | Gauntlet | Found a runed translucent door.
  9283 | Gauntlet | Found a large runed translucent door.
  9283 | Gauntlet | Found a large runed translucent door.
  9283 | Gauntlet | Found a large runed translucent door.
  9283 | Gauntlet | Found a large runed translucent door.
  9283 | Gauntlet | Found a large runed translucent door.
  9284 | Gauntlet | Found a large runed translucent door.
  9285 | Gauntlet | Found a large runed translucent door.
  9286 | Gauntlet | Found a large runed translucent door.
  9286 | Gauntlet | Found a large runed translucent door.
  9286 | Gauntlet | Found a large runed translucent door.
  9290 | Gauntlet | Found a runed translucent door.
  9290 | Gauntlet | Found a runed translucent gate.
  9290 | Gauntlet | Found a runed translucent gate.
  9292 | Gauntlet | Found a runed translucent door.
  9292 | Gauntlet | Found a transporter.
  9294 | Gauntlet | Found a transporter.
  9295 | Gauntlet | Found a transporter.
  9295 | Gauntlet | Found a runed translucent gate.
  9297 | Gauntlet | Found a transporter.
  9301 | Gauntlet | Noticed a dire elephant
  9305 | Gauntlet | Found a transporter.
  9311 | Gauntlet | Found a transporter.
  9355 | Gauntlet | Found a runed translucent door.
  9408 | Gauntlet | Found a large runed translucent door.
  9832 | Gauntlet | Noticed a minotaur
  9850 | Gauntlet | HP: 5/127 [minotaur/silver javelin (15)]
  9866 | Gauntlet | Killed a minotaur
 10081 | D:11     | Noticed a centaur warrior
 10088 | D:11     | Killed a centaur warrior
 10108 | D:11     | Noticed a boulder beetle
 10138 | D:11     | Killed a boulder beetle
 10692 | Lair:1   | Entered Level 1 of the Lair of Beasts
 11140 | Lair:1   | Found a transporter.
 11380 | Lair:1   | Noticed Xixaub Eqygg's ghost (journeyman DrTm)
 11433 | Lair:1   | Found a transporter.
 11775 | Lair:2   | Noticed Erica
 11787 | Lair:2   | Killed Erica
 11854 | Lair:2   | Found a staircase to the Snake Pit.
 11963 | Lair:2   | Reached ***** piety under Qazlal
 12082 | Lair:2   | Noticed a death yak
 12083 | Lair:2   | Noticed a death yak
 12085 | Lair:2   | Noticed a death yak
 12086 | Lair:2   | Noticed a death yak
 12088 | Lair:2   | Noticed a death yak
 12088 | Lair:2   | Noticed a death yak
 12103 | Lair:1   | Killed a death yak
 12104 | Lair:1   | Reached XP level 13. HP: 84/136 MP: 5/15
 12116 | Lair:1   | Reached skill level 5 in Dodging
 12116 | Lair:1   | Reached skill level 5 in Invocations
 12194 | Lair:1   | Reached skill level 5 in Armour
 12200 | Lair:2   | Reached skill level 1 in Evocations
 12275 | Lair:2   | Found a frozen archway.
 12287 | IceCv    | Entered an ice cave
 12681 | IceCv    | Reached skill level 5 in Evocations
 12743 | IceCv    | Noticed a frost giant
 12751 | IceCv    | Killed a frost giant
 12752 | IceCv    | Reached skill level 5 in Throwing
 13751 | Lair:3   | Found a runed translucent gate.
 13751 | Lair:3   | Noticed FuzzyBison's ghost (journeyman KoBe)
 13752 | Lair:3   | Found a runed translucent gate.
 13753 | Lair:3   | Found a runed translucent gate.
 14310 | Lair:3   | Found a staircase to the Shoals.
 14679 | Lair:4   | Reached XP level 14. HP: 82/146 MP: 5/17
 16110 | Lair:5   | Found a staircase to the Slime Pits.
 16143 | Lair:5   | Reached ****** piety under Qazlal
 16906 | Lair:6   | Entered Level 6 of the Lair of Beasts
 17481 | Lair:6   | Reached skill level 15 in Maces & Flails
 18483 | Lair:6   | Reached XP level 15. HP: 156/156 MP: 6/19
 18791 | Lair:6   | Found a corrupted altar of Lugonu.
 18791 | Lair:6   | Found a one-way gate to the infinite horrors of the Abyss.
 19291 | D:12     | Noticed Snorg
 19497 | D:11     | Killed Snorg
 19737 | D:12     | Found a staircase to the Orcish Mines.
 20129 | D:12     | Identified the +1 shortbow of the Owl {freeze, *Slow rN++
                  | Int+2 Dex+4}
 21104 | D:14     | Identified the +4 shortbow of the Median {flame, rPois rC+
                  | SInv}
 21222 | D:14     | Reached skill level 16 in Maces & Flails
 21242 | D:14     | Found a gate to the Vaults.
 21655 | D:14     | Found a broken altar of Ashenzari.
 21680 | D:14     | Found a portal to a secret trove of treasure.
 21763 | D:14     | Reached XP level 16. HP: 170/170 MP: 7/21
 21936 | D:15     | Entered Level 15 of the Dungeon
 22126 | D:15     | Found a staircase to the Depths.
 22868 | D:15     | Reached XP level 17. HP: 180/180 MP: 7/22
 23359 | Snake:1  | Entered Level 1 of the Snake Pit
 23450 | Snake:1  | Noticed Kirke
 23492 | Snake:1  | Killed Kirke
 23544 | Snake:1  | Noticed Roxanne
 23561 | Snake:1  | Killed Roxanne
 23599 | Snake:1  | Found Lugyib's Weapon Shop.
 23602 | Snake:1  | Identified the amulet "Luhajie" {Reflect Regen+ rCorr SH+5}
 23848 | Snake:1  | Found Potepos's Magic Scroll Boutique.
 23854 | Snake:1  | Found Vifub's Jewellery Boutique.
 23861 | Snake:1  | Bought a scroll of identify for 30 gold pieces
 24723 | Snake:2  | Reached skill level 15 in Fighting
 25148 | Snake:2  | You fall into a shaft and drop 1 floor!
 25165 | Snake:3  | Killed by an exploding naga sharpshooter... ignited by
                  | their inner flame

Illustrated notes

Levels and vault maps discovered:
D:1:      heliophobic_arrival_battle_scene, layout_loops_ring,
          chequers_ecumenical_altar_twisty, serial_bayou_ford_a,
          hangedman_glass_teeth
D:2:      layout_loops_ring, serial_shops, shop, chequers_serial_rivers_large_a,
          kennysheep_generic_room_2
D:3:      layout_rooms
D:4:      layout_rooms, st_stairs_9
D:5:      layout_gridville, uniq_edmund
D:6:      layout_basic, temple_fountains
D:7:      layout_loops_cross, chequers_ossuary_entry_cave, kennysheep_boxes,
          uniq_joseph
D:8:      layout_cave_pods, nicolae_elyvilon_temple_path, dpeg_lair_monsters,
          serial_shops, nicolae_shop_bloodbath_and_beyond, serial_rivers,
          chequers_serial_rivers_micro_c, chequers_serial_rivers_micro_e,
          chequers_serial_rivers_small_b, chequers_serial_rivers_large_b,
          chequers_serial_rivers_micro_b, minmay_stone_trees_small,
          minivault_19, kennysheep_generic_room_3
D:9:      layout_gridville, serial_ice, serial_ice_b, serial_ice_m,
          serial_ice_i, serial_ice_o, serial_ice_h, serial_ice_d, serial_ice_c,
          serial_ice_n, serial_ice_a, serial_ice_f, serial_shops,
          nicolae_lakefront_shop
D:10:     layout_layer_cave, nicolae_stop_n_shop_2
D:11:     layout_loops_ring, gauntlet_entry_generic, minmay_between, uniq_sonja
D:12:     kennysheep_ambush_hall, layout_basic, minmay_orc_entry_guard_dogs,
          uniq_snorg
D:13:     layout_loops_corners
D:14:     layout_small_grid, david_vaults_1, enter_trove_3,
          nicolae_ashenzari_skybound
D:15:     gammafunk_depths_entry_grave, layout_loops_ring,
          amcnicky_mini_pool_small, nooodl_orcs_dogs
Temple:   compressed_dpeg_circular_temple
Lair:1:   layout_gridlike, gammafunk_ghost_berserking_beasts, special_room
          [special_room_bee], lemuel_fruit_fields, serial_bayou_shore_b
Lair:2:   layout_concentric_octagons, minmay_snake_entry_guardpost_small,
          portal_ice_cave_entry_pillars_2, uniq_erica
Lair:3:   layout_regular_city, minmay_shoals_entry_hut, gammafunk_ghost_split,
          serial_bayou_lagoon_a
Lair:4:   minmay_lair_oklob_chamber, layout_layer_cave, beast_lair_carwin_3
Lair:5:   layout_long_grid, minmay_slime_entry_pillars, st_stairs_4
Lair:6:   hellmonk_lair_end_abyssal_woods, layout_big_grid
Snake:1:  layout_rooms, serial_shops, nicolae_shop_competitors_out_of_business,
          minmay_shop_star, uniq_kirke, uniq_roxanne
Snake:2:  layout_concentric_octagons, serial_bayou_shore_a
Snake:3:  layout_cave_shapes, st_stairs_10

Skill      XL: |  1  2  3  4  5  6  7  8  9 10 11 12 13 14 15 16 17 |
---------------+----------------------------------------------------+-----
Maces & Flails | 1 2 3 4 5 6 8 10 12 14 15 16 | 16.0
Fighting       | 2 3 4 5 7 8 10 11 13 14 15 | 15.0
Armour         | 1 4 5 7 8 |  8.8
Dodging        | 2 4 5 7 8 |  8.8
Invocations    | 1 4 5 7 8 |  8.0
Evocations     | 5 |  5.0
Throwing       | 6 7 8 |  8.0
Stealth        | |  0.3

Action                   |  1- 3 |  4- 6 |  7- 9 | 10-12 | 13-15 | 16-18 || total
-------------------------+-------+-------+-------+-------+-------+-------++-------
Melee: Unarmed           |    56 |   132 |    16 |       |       |       ||   204
       Short sword       |     6 |       |       |       |       |       ||     6
       Punch             |       |     2 |     1 |       |       |       ||     3
       Great mace        |       |       |   172 |   562 |   870 |   400 ||  2004
       Flail             |       |       |    15 |       |       |       ||    15
 Fire: Hunting sling     |       |       |       |    10 |     5 |       ||    15
       Fustibalus        |       |       |       |       |   112 |     1 ||   113
Throw: Large rock        |    36 |     8 |    17 |    24 |    53 |   142 ||   280
       Dart              |       |     4 |    11 |    25 |    18 |       ||    58
       Javelin           |       |       |     3 |       |     6 |    15 ||    24
       Throwing net      |       |       |       |     2 |       |       ||     2
Invok: Upheaval          |       |       |       |       |     2 |     2 ||     4
       Disaster Area     |       |       |       |       |       |     1 ||     1
Evoke: Condenser vane    |       |       |       |       |       |     1 ||     1
  Use: Scroll            |       |     2 |     9 |     4 |    12 |     4 ||    31
       Potion            |       |       |       |     3 |     4 |     3 ||    10
 Stab: Sleeping          |     1 |       |     1 |       |       |       ||     2
Armor: Robe              |    13 |    34 |    41 |     2 |       |       ||    90
       Steam dragon scal |       |       |       |   240 |   342 |       ||   582
       Troll leather arm |       |       |       |       |    53 |   127 ||   180
Dodge: Dodged            |    37 |    83 |   139 |   397 |   639 |   277 ||  1572
       Repelled          |       |       |       |     3 |    13 |    21 ||    37
Block: Other             |       |    17 |    57 |   369 |   723 |   324 ||  1490
       Reflection        |       |     1 |     3 |    11 |    28 |    35 ||    78
